 Dungeon Crawl Stone Soup version 0.31-a0-180-g519b7de00c (webtiles) character file.

Game seed: 9825030681244235059

81 qw the Chopper (level 4, -1/28 HPs)
             Began as a Gargoyle Fighter on June 19, 2023.
             Slain by an ogre
             ... wielding a +0 giant club
              (19 damage)
             ... on level 3 of the Dungeon.
             The game lasted 00:01:07 (2023 turns).

qw the Chopper (Gargoyle Fighter)                   Turns: 2023, Time: 00:01:07

Health: -1/28      AC: 13    Str: 22    XL:     4   Next: 40%
Magic:  4/4        EV:  8    Int:  8    God:
Gold:   76         SH:  5    Dex: 15    Spells: 3/3 levels left

rFire   . . .        Y - +0 war axe
rCold   . . .        c - +0 buckler
rNeg    + . .        h - +0 chain mail
rPois   inf          n - +0 helmet
rElec   +            (no cloak)
rCorr   .            (no gloves)
SInv    .            (no boots)
Will    .....        (no amulet) Stlth
                     g - +6 ring of dexterity
HPRegen 0.24/turn    (no ring)
MPRegen 0.09/turn

%: no passive effects
@: no status effects
A: sickness immunity, AC +3, negative energy resistance 1, electricity
resistance, torment resistance 1, petrification resistance
a: no special abilities


You were on level 3 of the Dungeon.
You visited 1 branch of the dungeon, and saw 3 of its levels.

You collected 76 gold pieces.


Innate Abilities, Weirdness & Mutations

You are immune to sickness and miasma.
Your stone body is resilient. (AC +3)
You are immune to poison.
You resist negative energy. (rN+)
You are resistant to electric shocks. (rElec)
You are resistant to unholy torment.
You are immune to petrification.


   Skills:
 - Level 3.2 Fighting
 - Level 4.0 Axes
 - Level 3.2 Armour
 + Level 0.2 Dodging
 - Level 3.2 Shields


You had 3 spell levels left.
You didn't know any spells.
Your spell library was empty.

Inventory:

Hand Weapons
 j - a +0 whip
 Y - a +0 war axe (weapon)
Armour
 c - a +0 buckler (worn)
 h - a +0 chain mail (worn)
 n - a +0 helmet (worn)
Jewellery
 g - a +6 ring of dexterity (left hand)
Scrolls
 a - a scroll of teleportation
 b - a scroll of enchant weapon {unknown}
Potions
 d - a potion of might
 e - a potion of resistance {unknown}
 f - a potion of heal wounds {unknown}
 i - a potion of mutation {unknown}
 k - 2 potions of enlightenment
 l - a potion of lignification {unknown}
 m - a potion of haste {unknown}

Dungeon Overview and Level Annotations

Branches:
Dungeon (3/15)

Altars:


Message History

The orc is severely wounded.
The orc hits you but does no damage.
You slash the orc!
You kill the orc!
A giant cockroach is nearby!
1996 ||| Stepping ~*~*~tactically~*~*~ (stealth).
You hear the rusting of a very distant drain.
You slash the giant cockroach!
You kill the giant cockroach!
You now have 76 gold pieces (gained 13).
You see here 4 stones.
Found 5 stones.
A hobgoblin, a gnoll and an ogre come into view.
The hobgoblin shouts!
The gnoll shouts!
You hear an angry hiss.
An iguana comes into view.
Enter note:
2015 ||| Stepping ~*~*~tactically~*~*~ (hiding).
You start waiting.
A gnoll is nearby!
2017 ||| Stepping ~*~*~tactically~*~*~ (hiding).
The hobgoblin hits you but does no damage.
The gnoll hits you from afar with a +0 halberd.
You closely miss the hobgoblin. You block the hobgoblin's attack.
The gnoll hits you but does no damage. The hobgoblin barely misses you.
The gnoll barely misses you.
You slash the hobgoblin!
You kill the hobgoblin!
A gnoll comes into view. It is wielding a +0 flail.
You block the gnoll's attack.
You hit the ogre but do no damage.
A gnoll comes into view. It is wielding a staff of fire.
The gnoll barely misses you. The ogre hits you with a +0 giant club.
A hobgoblin comes into view.
The gnoll hits you from afar with a +0 halberd!
The hobgoblin shouts!
The gnoll shouts!
You slash the ogre!
The ogre is heavily wounded.
The ogre hits you with a +0 giant club!!
Ouch! That really hurt!
You die...

## #.#
.##############.#.#
.............@Ol.#
#.......#####g.^#
#..............g.(..
##.###...#.(.........g...
........##.########g.####
#)....# g.# .. #..####


lO. ....##..# .... #......### You could see an ogre, an iguana, 2 gnolls and a
hobgoblin.

Vanquished Creatures
  A gnoll (D:3)
  A worm (D:3)
  4 dart slugs
  An orc (D:3)
  3 endoplasms (D:1)
  3 giant cockroaches
  6 goblins
  7 hobgoblins
  2 jackals (D:1)
  6 ball pythons
  10 bats
  3 frilled lizards
  5 kobolds
  5 rats
57 creatures vanquished.

Notes
Turn   | Place    | Note
-------+----------+-------------------------------------------
     0 | D:1      | qw the Gargoyle Fighter began the quest for the Orb.
     0 | D:1      | Reached XP level 1. HP: 14/14 MP: 1/1
     0 | D:1      | 0 ||| qw: Version: 0.3-a-7-ge0c9b40
     0 | D:1      | 0 ||| qw: Game counter: 1047
     0 | D:1      | 0 ||| qw: Always use a shield: true
     0 | D:1      | 0 ||| qw: God list: Okawaru
     0 | D:1      | 0 ||| qw: Allow faded altars: false
     0 | D:1      | 0 ||| qw: Do Orc after D:15 true
     0 | D:1      | 0 ||| qw: Do second Lair branch before Depths: true
     0 | D:1      | 0 ||| qw: Lair rune preference: random
     0 | D:1      | 0 ||| qw: Plans: Normal, Zot:1-4, Slime:5, God:TSO, Crypt,
                  | Tomb, Abyss, Pan, Hells, Win
     0 | D:1      | 0 ||| PLANNING D:1-11
    18 | D:1      | Reached skill level 2 in Axes
    18 | D:1      | HP: 3/14 [jackal (2)]
    20 | D:1      | HP: 1/14 [ball python (3)]
    25 | D:1      | Reached XP level 2. HP: 3/19 MP: 2/2
    29 | D:1      | 29 ||| FLEEEEING.
    30 | D:1      | 30 ||| FLEEEEING.
    31 | D:1      | 31 ||| FLEEEEING.
    32 | D:1      | 32 ||| FLEEEEING.
    33 | D:1      | 33 ||| FLEEEEING.
    34 | D:1      | 34 ||| FLEEEEING.
    43 | D:1      | HP: 4/19 [frozen (3)]
   265 | D:1      | 265 ||| Stepping ~*~*~tactically~*~*~ (hiding).
   271 | D:1      | 271 ||| Stepping ~*~*~tactically~*~*~ (hiding).
   434 | D:1      | Reached skill level 3 in Axes
   534 | D:1      | Reached XP level 3. HP: 23/23 MP: 3/3
   593 | D:1      | 593 ||| Stepping ~*~*~tactically~*~*~ (stealth).
   849 | D:1      | 849 ||| UPGRADING to +0 chain mail.
   859 | D:1      | 859 ||| DROPPING +0 scale mail.
   860 | D:1      | 860 ||| DROPPING +1 ring mail of poison resistance.
   861 | D:1      | 861 ||| UPGRADING to +0 helmet.
   866 | D:1      | 866 ||| READING 2 scrolls labelled ZAOTAO OLYG.
   870 | D:1      | 870 ||| READING scroll labelled MIUXKOA ATIX.
   871 | D:1      | 871 ||| READING scroll labelled MOYGODOFOP.
   872 | D:1      | 872 ||| READING scroll labelled BOSUWNUHUFE.
  1177 | D:2      | 1177 ||| Stepping ~*~*~tactically~*~*~ (hiding).
  1368 | D:2      | 1368 ||| Stepping ~*~*~tactically~*~*~ (hiding).
  1476 | D:2      | 1476 ||| DROPPING +0 club.
  1593 | D:2      | Reached XP level 4. HP: 28/28 MP: 4/4
  1805 | D:2      | 1805 ||| UPGRADING to +6 ring of dexterity.
  1806 | D:2      | 1806 ||| READING scroll labelled UGEG DUOLIME ILA.
  1807 | D:2      | 1807 ||| READING scroll labelled DUSHRO ICAEPANG.
  1825 | D:2      | 1825 ||| DRINKING 3 clear potions.
  1855 | D:3      | 1855 ||| PLANNING SEWER
  1924 | D:3      | 1924 ||| Stepping ~*~*~tactically~*~*~ (stealth).
  1934 | D:3      | Reached skill level 4 in Axes
  1991 | D:3      | 1991 ||| Stepping ~*~*~tactically~*~*~ (stealth).
  1996 | D:3      | 1996 ||| Stepping ~*~*~tactically~*~*~ (stealth).
  2014 | D:3      | Noticed an ogre
  2015 | D:3      | 2015 ||| Stepping ~*~*~tactically~*~*~ (hiding).
  2017 | D:3      | 2017 ||| Stepping ~*~*~tactically~*~*~ (hiding).
  2023 | D:3      | Slain by an ogre

Levels and vault maps discovered:
D:1:      lightli_iron_boxes, layout_basic
D:2:      layout_basic, minmay_misc_feat_ornament
D:3:      layout_loops_ring, gup_sewer_entry_glass,
          hellmonk_ecumenical_altar_heavens_door

Skill      XL: |  1  2  3  4 |
---------------+-------------+-----
Axes           | 2 3 4 |  4.0
Fighting       | |  3.2
Armour         | |  3.2
Dodging        | |  0.2
Shields        | |  3.2

Action                     |  1- 3 |  4- 6 || total
---------------------------+-------+-------++-------
  Melee: War axe           |   123 |    42 ||   165
    Use: Scroll            |     4 |     2 ||     6
         Potion            |       |     1 ||     1
 Armour: Scale mail        |    54 |       ||    54
         Chain mail        |    29 |    29 ||    58
  Dodge: Dodged            |    50 |    16 ||    66
  Block: Buckler           |    24 |    11 ||    35

Table legend:
 A = Non-vault XP
 B = Vault XP
 C = Vault XP percentage of total XP
 D = Non-vault monster count
 E = Vault monster count
 F = Vault count percentage of total count
                 A         B        C        D         E       F
            +---------+---------+-------+---------+---------+-------
      Total |     116 |       0 |   0.0 |      57 |       0 |   0.0
            +---------+---------+-------+---------+---------+-------
        D:1 |      50 |       0 |   0.0 |      31 |       0 |   0.0
        D:2 |      38 |       0 |   0.0 |      19 |       0 |   0.0
        D:3 |      28 |       0 |   0.0 |       7 |       0 |   0.0
            +---------+---------+-------+---------+---------+-------
